 Dungeon Sprint DCSS version 0.17.0-27-g4a3f43e (webtiles) character file.

47 oplop the Conjurer (level 3, 0/19 HPs)
             Began as a Deep Elf Fire Elementalist on Nov 21, 2015.
             Slain by a draconian
             ... wielding a +0 mace
              (9 damage)
             ... in the Dungeon (Sprint V: "Ziggurat Sprint").
             The game lasted 00:01:59 (326 turns).

oplop the Conjurer (Deep Elf Fire Elementalist)      Turns: 326, Time: 00:01:59

Health: 0/19       AC:  4    Str:  5    XL:     3   Next: 48%
Magic:  13/16      EV: 13    Int: 38    God:
Gold:   0          SH:  0    Dex: 15    Spells: 2 memorised, 7 levels left

rFire  . . .     SeeInvis .     I - +6 Majin-Bo {vamp, Archmagi MP+6 Int+6}
rCold  . . .     Clarity  .     m - +2 robe {rN+}
rNeg   + . .     SustAt   .     (shield currently unavailable)
rPois  .         Gourm    .     (no helmet)
rElec  .         Spirit   .     (no cloak)
rCorr  .         Warding  .     (no gloves)
rMut   .         NoTele   +     (no boots)
MR     .....                    (no amulet)
Stlth  ++........               B - +6 ring of intelligence
                                A - +6 ring of intelligence

@: not resistant to hostile enchantments, unstealthy
A: no striking features
a: no special abilities


You were in the Dungeon.
You were not hungry.

You visited 1 branch

Inventory:

Hand Weapons
 I - the +6 Majin-Bo (weapon) {vamp, Archmagi MP+6 Int+6}
   (You found it in the Dungeon)

   It inflicts no extra harm, but heals its wielder somewhat when it strikes a
   living foe.
   It affects your intelligence (+6).
   It affects your magic capacity (+6).
Armour
 m - a +2 robe of positive energy (worn)
Magical Staves
 L - an uncursed staff of energy
Jewellery
 y - a +6 ring of dexterity
 z - a +6 ring of dexterity
 A - a +6 ring of intelligence (left hand)
 B - a +6 ring of intelligence (right hand)
 C - a +6 ring of strength
 D - a +6 ring of strength
 K - an uncursed ring of flight
Wands
 E - a wand of disintegration (7)
 F - a wand of fire (5)
 G - a wand of cold (5)
 H - a wand of draining (5)
Scrolls
 i - 4 scrolls of blinking
 p - 4 scrolls of amnesia
 q - 3 scrolls of recharging
 r - 7 scrolls of fog
 s - a scroll of holy word
 t - 5 scrolls of identify
 u - 5 scrolls of remove curse
 v - 2 scrolls of fear
Potions
 d - 10 potions of curing
 e - 10 potions of heal wounds
 f - 6 potions of haste
 g - 7 potions of magic
 h - 3 potions of berserk rage
 j - 2 potions of brilliance
 k - 2 potions of invisibility
 l - 4 potions of resistance
 n - 5 potions of agility
 o - 5 potions of might
Books
 b - a book of Flames

   Spells                             Type                      Level
   a - Flame Tongue                   Conjuration/Fire             1
   b - Throw Flame                    Conjuration/Fire             2
   c - Conjure Flame                  Conjuration/Fire             3
   d - Inner Flame                    Hexes/Fire                   3
   e - Sticky Flame                   Conjuration/Fire             4
   f - Fireball                       Conjuration/Fire             5
Miscellaneous
 J - a disc of storms
 M - a crystal ball of energy
Comestibles
 c - 5 bread rations
 w - 42 fruits
 x - 3 meat rations


   Skills:
 + Level 5.6 Staves
 - Level 2.4 Dodging
 - Level 2.4 Stealth
 + Level 4.2 Spellcasting
 + Level 6.3 Conjurations
 + Level 4.1 Fire Magic


You had 7 spell levels left.
You knew the following spells:

 Your Spells              Type           Power        Failure   Level  Hunger
a - Flame Tongue          Conj/Fire      #####        1%          1    None
b - Throw Flame           Conj/Fire      ######       1%          2    None


Dungeon Overview and Level Annotations

Branches:
Dungeon (1/1)

Altars:
Ashenzari
Cheibriados
Dithmenos
Elyvilon
Fedhas
Gozag
Kikubaaqudgha
Makhleb
Nemelex Xobeh
Okawaru
Qazlal
Ru
Sif Muna
Trog
Vehumet
Xom
Yredelemnul
Zin
The Shining One
Beogh
Jiyva
Lugonu


Message History

Confirm with . or Enter, or press ? or * to list all spells.
Aiming: Flame Tongue
Press: ? - help, Shift-Dir - straight line, f/p - draconian
Aim: a draconian, wielding a mace (lightly wounded)
You feel a surge of power!
The flame tongue hits the draconian.
The draconian appears unharmed.
The draconian is lightly wounded.
The draconian roars!
Casting: Flame Tongue
Confirm with . or Enter, or press ? or * to list all spells.
Aiming: Flame Tongue
Press: ? - help, Shift-Dir - straight line, f/p - draconian
Aim: a draconian, wielding a mace (lightly wounded)
You feel a surge of power!
The flame tongue hits the draconian.
The draconian appears unharmed.
You thump the draconian!
You feel better.
The draconian is lightly wounded.
The draconian hits you. The draconian hits you!
The draconian hits you with a mace!
You die...

▓▓▓▓▓▓▓▓▓▓▓▓▓
▓.8©8.▓.8©8.▓
▓.[[=.▓.....▓
▓.....▓.[.).▓
▓.....▓.....▓
▓.....▓.....▓
▓.ddd.▓.....▓
▓..@..▓▓▓▓▓▓▓
▓▓▓▓▓▓▓


You could see 3 draconians.

Vanquished Creatures
  A crimson imp (D)
  An ufetubus (D)
2 creatures vanquished.

Notes
Turn   | Place    | Note
--------------------------------------------------------------
     0 | D        | oplop the Deep Elf Fire Elementalist began the quest for the Orb.
     0 | D        | Reached XP level 1. HP: 10/10 MP: 6/6
     0 | D        | Found a roughly hewn altar of Beogh.
     0 | D        | Found a corrupted altar of Lugonu.
     0 | D        | Found a viscous altar of Jiyva.
     0 | D        | Found a white marble altar of Elyvilon.
     0 | D        | Found a sparkling altar of Nemelex Xobeh.
     0 | D        | Found a burning altar of Makhleb.
     0 | D        | Found an iron altar of Okawaru.
     0 | D        | Found a deep blue altar of Sif Muna.
     0 | D        | Found a radiant altar of Vehumet.
     0 | D        | Found a bloodstained altar of Trog.
     0 | D        | Found a shimmering altar of Xom.
   104 | D        | Reached skill level 5 in Staves
   104 | D        | Reached skill level 5 in Conjurations
   104 | D        | Reached XP level 2. HP: 15/15 MP: 8/8
   114 | D        | Learned a level 2 spell: Throw Flame
   114 | D        | Entered arena 1.
   114 | D        | Noticed a crimson imp
   120 | D        | Killed a crimson imp
   120 | D        | Reached skill level 6 in Conjurations
   120 | D        | Reached XP level 3. HP: 7/19 MP: 10/10
   321 | D        | Entered arena 2.
   321 | D        | Noticed a draconian
   321 | D        | Noticed a draconian
   321 | D        | Noticed a draconian
   326 | D        | Slain by a draconian

Action                   || total
-------------------------++-------
Melee: Quarterstaff      ||     7
 Cast: Flame Tongue      ||     3
  Use: Potion            ||     1
  Eat: Meat ration       ||     1
